 Dungeon Sprint DCSS version 0.22.1-1-ga44c0e56f4 (webtiles) character file.

26751 MuseOD the Unseen (level 13, -13/75 HPs)
             Began as a Spriggan Enchanter on Oct 4, 2018.
             Was the Champion of Dithmenos.
             Mangled by a deep elf blademaster
             ... wielding a +0 rapier
              (19 damage)
             ... in the Dungeon (Sprint III: "The Ten Rune Challenge").
             The game lasted 00:21:27 (5187 turns).

MuseOD the Unseen (Spriggan Enchanter)              Turns: 5187, Time: 00:21:27

Health: -13/75     AC:  4    Str:  4    XL:     13   Next: 0%
Magic:  8/32       EV: 18    Int: 26    God:    Dithmenos [******]
Gold:   1124       SH:  0    Dex: 15    Spells: 14/40 levels left

rFire    + . .     SeeInvis +   a - +1 dagger
rCold    . . .     Gourm    .   (shield restricted)
rNeg     . . .     Faith    .   k - +2 robe {rF+}
rPois    .         Spirit   .   (helmet restricted)
rElec    .         Reflect  .   (no cloak)
rCorr    .         Harm     .   (gloves unavailable)
MR       ++++.     Clarity  +   (boots unavailable) Stlth ++++++++++NoTele +
                                (no amulet)
HPRegen  0.22/turn              u - ring of the Mage {Wiz MR++ Int+3}
MPRegen  0.23/turn              (no ring)

@: very slightly contaminated, wreathed by umbra, very quick
A: very small, unfitting armour, hooves 1, horns 1, see invisible, clarity,
clever 1, clumsy 1, herbivore, speed 3, slow metabolism 2
a: Shadow Step, Shadow Form, Renounce Religion


You were in the Dungeon.
You worshipped Dithmenos.
Dithmenos was exalted by your worship.
You were hungry.

You visited 1 branch You collected 2157 gold pieces.
You spent 1033 gold pieces at shops.

Inventory:

Hand Weapons
 a - a +1 dagger (weapon)
 l - a cursed -2 dagger
 t - a +2 dagger of venom
Armour
 b - a +0 robe
 k - a +2 robe of fire resistance (worn)
Jewellery
 u - the ring of the Mage (left hand) {Wiz MR++ Int+3}
   (You bought it in a shop in the Dungeon)

   [ring of wizardry]

   It improves your spell success rate.
   It affects your intelligence (+3).
   It affects your resistance to hostile enchantments.
Wands
 s - a wand of iceblast (5)
 v - a wand of paralysis (14)
Scrolls
 c - 4 scrolls of identify {unknown}
 m - a scroll of torment {unknown}
 n - a scroll of immolation {unknown}
 o - 3 scrolls of remove curse
 q - a scroll of holy word {unknown}
Potions
 e - 3 potions of curing
 f - 2 potions of heal wounds
 g - a potion of haste
 h - 2 potions of magic
 i - a potion of berserk rage
 p - a potion of agility {unknown}
 r - a potion of flight {unknown}
Comestibles
 d - 4 rations


   Skills:
 + Level 12.2 Fighting
 + Level 20.5 Short Blades
 - Level 3.0 Dodging
 + Level 20.7 Stealth
 + Level 14.4 Spellcasting
 + Level 14.4 Hexes
 - Level 9.0 Earth Magic


You had 14 spell levels left.
You knew the following spells:

 Your Spells              Type           Power        Failure   Level  Hunger
a - Corona                Hex            #######      0%          1    None
b - Ensorcelled Hibernat  Hex/Ice        ######       1%          2    None
c - Confuse               Hex            #######.     0%          3    None
d - Dazzling Spray        Conj/Hex       ######       1%          3    None
e - Petrify               Tmut/Erth      #####...     1%          4    None
f - Lee's Rapid Deconstr  Erth           ######....   1%          5    ##.....
g - Stone Arrow           Conj/Erth      #####.       1%          3    None
h - Lightning Bolt        Conj/Air       ###.......   32%         5    ##.....

Your spell library contained the following spells:

 Spells                   Type           Power        Failure   Level  Hunger
 Confusing Touch          Hex            ######       0%          1    None
 Tukima's Dance           Hex            #######.     0%          3    None
 Animate Skeleton         Necr           N/A          1%          1    None
 Apportation              Tloc           ###...       1%          1    None
 Sandblast                Erth           ######       1%          1    None
 Summon Small Mammal      Summ           ###.         1%          1    None
 Passwall                 Tmut/Erth      #####...     1%          2    None
 Static Discharge         Conj/Air       ###.....     3%          3    None
 Ignition                 Fire           ###.......   100%        8    #######
 Shatter                  Erth           ######....   100%        9    #######
 Tornado                  Air            ###.......   100%        9    #######


Dungeon Overview and Level Annotations

Branches:
Dungeon (1/1)

Altars:
Dithmenos
Elyvilon
Fedhas
Kikubaaqudgha
Ru
Sif Muna
Vehumet
Yredelemnul
Zin
The Shining One

Shops:
D (}%?:((}(=[%?!*}

Annotations:
D exclusion: 4 statues, Boris


Innate Abilities, Weirdness & Mutations

You are very small and have problems with some larger weapons.
You are too small for most types of armour.
You have supernaturally acute eyesight. (SInv)
You are a herbivore.
You cover ground extremely quickly.
You need to consume almost no food.
You have large cloven feet.
You have a pair of small horns on your head.
You possess an exceptional clarity of mind.
Your mind is acute. (Int +2)
You are clumsy. (Dex -2)


Message History

The iron troll simulacrum claws you!!
You emit a cloud of dark smoke.
The iron troll simulacrum freezes you!!!
Ouch! That really hurt!
* * * LOW HITPOINT WARNING * * *
You emit a cloud of dark smoke.
Press: ? - help, v - describe, . - travel
Here: a shadow wraith (slightly transparent, umbra)
The floor.
Blink to where?
Press: ? - help, Dir - move target cursor, p - iron troll simulacrum You are very lightly contaminated with residual magic.
As you read the scroll of blinking, it crumbles to dust.
Marking area around the pristine statue as unsafe for travelling.
Marking area around the pristine statue as unsafe for travelling.
Marking area around the pristine statue as unsafe for travelling.
Marking area around the pristine statue as unsafe for travelling.
A deep elf blademaster and a simulacrum come into view.
You hear a distant "Zot"!
The deep elf blademaster hits you with a rapier!!
You die...

.§§§≈.♣ #########§#
.§§§§.♣ #.#.#.#.#§§
♣♣♣§∩∩♣ #)......§§§ ♣♣♣
#.(.......§ #########
####'####### 8≈....≈8#
.# #...## ≈......≈#
..##§§...##
........#'###§§§....#
.P....P@'...§§Z§....'.
......e.#'###y§.....###
≈......≈# ≈≈##.....##
8≈....≈8# '###.W.##
###''#### # ##'## .'.Z
≈≈ #### ≈. ≈.#


You could see a deep elf blademaster, 4 pristine statues, a hornet (confused), 2
active ballistomycetes and a five-headed hydra simulacrum (wandering).

Vanquished Creatures
  Rupert (D)
  Harold (D)
  Snorg (D)
  2 hydras (D)
  A centaur warrior (D)
  4 death yaks (D)
  Urug (D)
  A titan zombie (D)
  A skeletal warrior (D)
  3 death drakes (D)
  A spriggan druid (D)
  An unseen horror (D)
  An orange crystal statue (D)
  A deep elf mage (D)
  A lindwurm (D)
  Joseph (D)
  An orc knight (D)
  3 crystal guardians (D)
  An orc sorcerer (D)
  A stone giant skeleton (D)
  2 spiny frogs (D)
  2 black mambas (D)
  A molten gargoyle (D)
  4 statues (D)
  3 yaktaurs (D)
  A rime drake (D)
  A komodo dragon (D)
  3 spriggan defenders (D)
  3 wandering mushrooms (D)
  2 hornets (D)
  2 tyrant leeches (D)
  3 orc high priests (D)
  8 blink frogs (D)
  2 spriggans (D)
  A shadow (D)
  3 redbacks (D)
  An orc warrior (D)
  A swamp drake (D)
  A necrophage (D)
  2 centaurs (D)
  A swamp dragon skeleton (D)
  An earth elemental (D)
  A water elemental (D)
  An electric eel (D)
  2 orc priests (D)
  A jelly (D)
  4 orc wizards (D)
  A wizard (D)
  Jessica (D)
  A necromancer (D)
  A human (D)
  A kobold demonologist (D)
  A wolf (D)
  An ooze (D)
  9 orcs (D)
  2 rats (D)
  A plant (D)
104 creatures vanquished.

Vanquished Creatures (others)
  Nikola (D)
  A deep elf blademaster (D)
  2 draconian scorchers (D)
  Nessos (D)
  An orc sorcerer (D)
  6 hellions (D)
  3 yaktaurs (D)
  A spriggan defender (D)
  An electric eel (D)
  4 ball lightnings (D)
  13 ballistomycetes (D)
  6 ballistomycete spores (D)
  37 plants (D)
77 creatures vanquished.

Grand Total: 181 creatures vanquished

Notes
Turn   | Place    | Note
-------+----------+-------------------------------------------
     0 | D        | MuseOD the Spriggan Enchanter began the quest for the Orb.
     0 | D        | Reached XP level 1. HP: 9/9 MP: 5/5
     9 | D        | Reached skill level 1 in Fighting
     9 | D        | Reached skill level 5 in Stealth
    27 | D        | Noticed Jessica
    31 | D        | Killed Jessica
    31 | D        | Reached XP level 2. HP: 15/15 MP: 6/6
    31 | D        | Reached XP level 3. HP: 18/18 MP: 8/8
    35 | D        | Learned a level 2 spell: Ensorcelled Hibernation
    39 | D        | Learned a level 3 spell: Confuse
    60 | D        | Killed a yaktaur
   106 | D        | Killed a hellion
   126 | D        | Killed a hellion
   127 | D        | Killed a hellion
   130 | D        | Killed a hellion
   165 | D        | Reached skill level 5 in Short Blades
   186 | D        | Noticed a water elemental
   189 | D        | Killed a water elemental
   189 | D        | Reached XP level 4. HP: 25/25 MP: 9/9
   197 | D        | Found a basalt altar of Yredelemnul.
   197 | D        | Found a shadowy altar of Dithmenos.
   197 | D        | Found a sacrificial altar of Ru.
   197 | D        | Noticed a necrophage
   198 | D        | Killed a white draconian scorcher
   199 | D        | Reached XP level 5. HP: 29/29 MP: 10/10
   199 | D        | Killed a white draconian scorcher
   206 | D        | Became a worshipper of Dithmenos the Shadowed
   366 | D        | Killed a necrophage
   366 | D        | Reached skill level 10 in Stealth
   436 | D        | Killed a hellion
   445 | D        | Killed a hellion
   450 | D        | Found a glowing silver altar of Zin.
   450 | D        | Found a glowing golden altar of the Shining One.
   450 | D        | Found a white marble altar of Elyvilon.
   450 | D        | Noticed a deep elf mage
   453 | D        | Killed a deep elf mage
   453 | D        | Reached XP level 6. HP: 37/37 MP: 11/11
   453 | D        | Reached XP level 7. HP: 41/41 MP: 12/12
   463 | D        | Found a radiant altar of Vehumet.
   464 | D        | Found a deep blue altar of Sif Muna.
   464 | D        | Found an ancient bone altar of Kikubaaqudgha.
   465 | D        | Reached * piety under Dithmenos
   481 | D        | Learned a level 3 spell: Dazzling Spray
   488 | D        | Killed a yaktaur
   509 | D        | Noticed a shadow
   512 | D        | Killed a shadow
   517 | D        | Reached ** piety under Dithmenos
   627 | D        | Noticed Snorg
   629 | D        | Killed Snorg
   629 | D        | Reached skill level 5 in Spellcasting
   629 | D        | Reached XP level 8. HP: 47/47 MP: 13/17
   673 | D        | Noticed a centaur warrior
   692 | D        | Killed a centaur warrior
   692 | D        | Reached skill level 15 in Stealth
   692 | D        | Reached XP level 9. HP: 42/51 MP: 15/21
   706 | D        | Reached *** piety under Dithmenos
   807 | D        | Noticed an unseen horror
   809 | D        | Killed an unseen horror
   809 | D        | Reached skill level 15 in Short Blades
   816 | D        | Noticed Harold
   816 | D        | Noticed Joseph
   820 | D        | Killed Joseph
   821 | D        | Killed Harold
   821 | D        | Reached **** piety under Dithmenos
   821 | D        | Reached XP level 10. HP: 58/58 MP: 22/24
   842 | D        | Learned a level 9 spell: Shatter
   856 | D        | Reached skill level 1 in Earth Magic
   863 | D        | Reached skill level 10 in Hexes
   866 | D        | Reached skill level 10 in Spellcasting
  1158 | D        | Reached ***** piety under Dithmenos
  1271 | D        | Noticed an orange crystal statue
  1279 | D        | Found Oxyus's Jewellery Emporium.
  1279 | D        | Found Kune Veu's Food Shop.
  1279 | D        | Found Kemasas's Gadget Boutique.
  1279 | D        | Found Ilumuraoff's Gadget Shoppe.
  1279 | D        | Found Koaky's Antique Weapon Boutique.
  1279 | D        | Found Rinim Dih's Antique Armour Emporium.
  1279 | D        | Found Utyupum's Antique Weapon Shoppe.
  1279 | D        | Found Fonopt's Assorted Antiques.
  1279 | D        | Found Fuokin's Antique Weapon Shop.
  1279 | D        | Found Eciperam's Distillery.
  1279 | D        | Found Xetseyc's Book Emporium.
  1279 | D        | Found Feolotelu's Magic Scroll Boutique.
  1360 | D        | Gained mutation: Your spells are a little easier to cast,
                  | but a little less powerful. [potion of mutation]
  1360 | D        | Gained mutation: Armour fits poorly on your strangely
                  | shaped body. [potion of mutation]
  1360 | D        | Gained mutation: Your magical capacity is low. (-10% MP)
                  | [potion of mutation]
  1360 | D        | Gained mutation: Your muscles are strong. (Str +2) [potion
                  | of mutation]
  1361 | D        | Lost mutation: Armour fits poorly on your strangely shaped
                  | body. [potion of mutation]
  1361 | D        | Lost mutation: Your spells are a little easier to cast, but
                  | a little less powerful. [potion of mutation]
  1361 | D        | Lost mutation: Your muscles are strong. (Str +2) [potion of
                  | mutation]
  1361 | D        | Lost mutation: Your magical capacity is low. (-10% MP)
                  | [potion of mutation]
  1361 | D        | Gained mutation: You are resistant to hostile enchantments.
                  | (MR+) [potion of mutation]
  1361 | D        | Gained mutation: You are partially covered in rugged brown
                  | scales. (AC +1, +3% HP) [potion of mutation]
  1361 | D        | Gained mutation: You have a pair of small antennae on your
                  | head. [potion of mutation]
  1362 | D        | Lost mutation: You are partially covered in rugged brown
                  | scales. (AC +1, +3% HP) [potion of mutation]
  1362 | D        | Lost mutation: You have a pair of small antennae on your
                  | head. [potion of mutation]
  1362 | D        | Lost mutation: You are resistant to hostile enchantments.
                  | (MR+) [potion of mutation]
  1362 | D        | Gained mutation: You are weak. (Str -2) [potion of
                  | mutation]
  1362 | D        | Gained mutation: You are robust. (+10% HP) [potion of
                  | mutation]
  1362 | D        | Gained mutation: You possess an exceptional clarity of
                  | mind. [potion of mutation]
  1362 | D        | Gained mutation: You are partially covered in slimy green
                  | scales. (AC +2) [potion of mutation]
  1363 | D        | Lost mutation: You are robust. (+10% HP) [potion of
                  | mutation]
  1363 | D        | Lost mutation: You are weak. (Str -2) [potion of mutation]
  1363 | D        | Lost mutation: You are partially covered in slimy green
                  | scales. (AC +2) [potion of mutation]
  1363 | D        | Gained mutation: You are clumsy. (Dex -2) [potion of
                  | mutation]
  1363 | D        | Gained mutation: You have a pair of small horns on your
                  | head. [potion of mutation]
  1363 | D        | Gained mutation: Your mind is acute. (Int +2) [potion of
                  | mutation]
  1363 | D        | Gained mutation: You have large cloven feet. [potion of
                  | mutation]
  1522 | D        | Noticed a spiny frog
  1522 | D        | Noticed a spiny frog
  1525 | D        | Killed a spiny frog
  1525 | D        | Reached skill level 10 in Fighting
  1527 | D        | Killed a spiny frog
  1528 | D        | Reached XP level 11. HP: 63/63 MP: 26/26
  1554 | D        | Reached ****** piety under Dithmenos
  1611 | D        | Noticed a lindwurm
  1614 | D        | Killed a lindwurm
  1624 | D        | Noticed Urug
  1627 | D        | Killed Urug
  1636 | D        | Noticed a seven-headed hydra
  1636 | D        | Noticed a seven-headed hydra
  1639 | D        | Killed a seven-headed hydra
  1639 | D        | Reached skill level 5 in Earth Magic
  1640 | D        | Killed a seven-headed hydra
  1646 | D        | Noticed a death drake
  1649 | D        | Killed a death drake
  1698 | D        | Found a blossoming altar of Fedhas.
  1698 | D        | Noticed a spriggan druid
  1701 | D        | Killed a spriggan druid
  1796 | D        | Noticed Rupert
  1800 | D        | Killed Rupert
  1800 | D        | Reached XP level 12. HP: 70/70 MP: 29/29
  1807 | D        | Noticed a death yak
  1809 | D        | Noticed a death yak
  1814 | D        | Noticed a death yak
  1818 | D        | Killed a death yak
  1818 | D        | Noticed a death yak
  1863 | D        | Killed a death yak
  2258 | D        | Killed a death yak
  2462 | D        | Killed a death yak
  2507 | D        | Noticed an azure jelly
  2507 | D        | Noticed an azure jelly
  2525 | D        | Found Fafeng's Antique Weapon Shoppe.
  2525 | D        | Found Poil's Gadget Boutique.
  2545 | D        | Found Boghiurgh's Food Emporium.
  2651 | D        | Found Minofet's Magic Scroll Shoppe.
  3019 | D        | Bought a book of Geomancy for 420 gold pieces
  3030 | D        | Bought a scroll of amnesia for 45 gold pieces
  3036 | D        | Learned a level 4 spell: Petrify
  3042 | D        | Learned a level 5 spell: Lee's Rapid Deconstruction
  3046 | D        | Learned a level 3 spell: Stone Arrow
  3150 | D        | Bought the ring of the Mage {Wiz MR++ Int+3} for 568 gold
                  | pieces
  3150 | D        | Found the ring of the Mage {Wiz MR++ Int+3}
  4232 | D        | Noticed Boris
  4523 | D        | Learned a level 5 spell: Lightning Bolt
  4729 | D        | Killed Nessos
  5095 | D        | Killed a deep elf blademaster
  5172 | D        | Killed Nikola
  5180 | D        | Reached XP level 13. HP: 75/75 MP: 11/32
  5187 | D        | Noticed a deep elf blademaster
  5187 | D        | Mangled by a deep elf blademaster

Skill      XL: |  1  2  3  4  5  6  7  8  9 10 11 12 |
---------------+-------------------------------------+-----
Fighting       | 2 3 4 6 7 8 9 10 11 12 | 12.2
Short Blades   | 4 7 8 12 13 14 16 17 18 20 | 20.5
Stealth        | 6 8 9 12 14 15 16 17 19 20 | 20.7
Spellcasting   | 5 7 9 10 12 14 | 14.4
Hexes          | 6 7 9 10 12 14 | 14.4
Earth Magic    | 3 6 9 |  9.0
Dodging        | |  3.0

Action                   |  1- 3 |  4- 6 |  7- 9 | 10-12 | 13-15 || total
-------------------------+-------+-------+-------+-------+-------++-------
Melee: Dagger            |    10 |     6 |    30 |   319 |     3 ||   368
       Headbutt          |       |       |       |    17 |     1 ||    18
       Kick              |       |       |       |    23 |     2 ||    25
 Cast: Confuse           |       |     8 |     5 |    67 |       ||    80
       Dazzling Spray    |       |       |       |    26 |       ||    26
       Ensorcelled Hiber |       |       |       |    22 |       ||    22
       Lee's Rapid Decon |       |       |       |    18 |     1 ||    19
       Stone Arrow       |       |       |       |     3 |       ||     3
Invok: Shadow Step       |       |       |       |     6 |     1 ||     7
Evoke: Wand              |       |       |       |     1 |       ||     1
  Use: Potion            |       |       |       |     4 |       ||     4
       Scroll            |       |       |       |     1 |     1 ||     2
 Stab: Sleeping          |     5 |     2 |     7 |    37 |       ||    51
       Confused          |       |     1 |     5 |    22 |       ||    28
       Invisible         |       |       |       |     6 |       ||     6
       Distracted        |       |       |       |     1 |       ||     1
  Eat: Ration            |       |       |       |     2 |       ||     2
Armor: Robe              |       |     1 |       |     5 |       ||     6
Dodge: Dodged            |     3 |     9 |     7 |    51 |     4 ||    74
